 Dungeon Crawl Stone Soup version 0.31.0-32-g396128a36d (webtiles) character file.

Game seed: 2467313162122088258

55 spaghetti the Caller (level 3, 0/32 HPs)
             Began as a Naga Summoner on Mar 9, 2024.
             Slain by a gnoll
             ... wielding a +0 whip
              (5 damage)
             ... on level 2 of the Dungeon.
             The game lasted 00:01:54 (1056 turns).

spaghetti the Caller (Naga Summoner)                Turns: 1056, Time: 00:01:55

Health: 0/32       AC:  2    Str: 10    XL:     3   Next: 93%
Magic:  0/6        EV:  9    Int: 17    God:
Gold:   53         SH:  0    Dex: 11    Spells: 0/6 levels left

rFire   . . .        f - +0 hand axe (elec)
rCold   + . .        (no shield)
rNeg    . . .        a - +0 robe
rPois   +            (no helmet)
rElec   .            (no cloak)
rCorr   .            (no gloves)
SInv    +            (no barding)
Will    .....        (no amulet)
Stlth   ++           g - ring of protection from cold
HPRegen 0.25/turn    (no ring)
MPRegen 0.10/turn

%: no passive effects
@: short of breath, very slow
A: AC +1, large, see invisible, deformed body, poison resistance, slowness 2,
spit poison 1, naga tail 1
a: Spit Poison


You were on level 2 of the Dungeon.
You visited 1 branch of the dungeon, and saw 2 of its levels.

You collected 53 gold pieces.

Inventory:

Hand Weapons
 f - a +0 hand axe of electrocution (weapon)
Armour
 a - a +0 robe (worn)
Jewellery
 g - a ring of protection from cold (left hand)
Scrolls
 c - 2 scrolls of teleportation {unknown}
 e - a scroll of amnesia {unknown}
 h - a scroll of acquirement {unknown}
Potions
 b - a potion of magic
 d - a potion of brilliance {unknown}
 i - a potion of degeneration {unknown}
 j - a potion of lignification {unknown}


   Skills:
 + Level 2.2 Fighting
 - Level 1.5 Dodging
 - Level 3.0 Stealth
 - Level 2.0 Spellcasting
 + Level 4.7 Summonings


You couldn't memorise any spells.
You knew the following spells:

 Your Spells              Type           Power      Damage    Failure   Level
a - Summon Small Mammal   Summ           68%        N/A       2%          1
b - Call Imp              Summ           34%        N/A       4%          2
c - Call Canine Familiar  Summ           17%        N/A       9%          3

Your spell library contained the following spells:

 Spells                   Type           Power      Damage    Failure   Level
 Summon Blazeheart Golem  Fire/Summ      9%         N/A       58%         4
 Summon Lightning Spire   Summ/Air       9%         N/A       58%         4


Dungeon Overview and Level Annotations

Branches:
Dungeon (2/15)

Altars:

Shops:
D:1 :


Innate Abilities, Weirdness & Mutations

Your serpentine skin is tough. (AC +1)
You have supernaturally acute eyesight. (SInv)
Armour fits poorly on your strangely shaped body.
Your system is resistant to poisons. (rPois)
You cover ground very slowly.
You can spit poison.
You have a snake-like lower body.


Message History

Your bat hits the gnoll but does no damage. x2
The gnoll misses your bat.
Your bat hits the gnoll but does no damage.
Your bat barely misses the gnoll.
Your bat barely misses the gnoll. x2; The gnoll hits your bat with a +0 whip.
Your bat dies!
Your bat's corpse disappears in a puff of smoke!
The gnoll shouts!
Casting: Summon Small Mammal (safe; 2% risk of failure)
Confirm with . or Enter, or press ? or * to list all spells.
You miscast Summon Small Mammal.
You are very lightly contaminated with residual magic.
Nothing appears to happen.
You see here a +0 dagger.
The gnoll hits you with a +0 whip. The gnoll hits you with a +0 whip.
Your familiar recovers from its injuries.
Your magical contamination has completely faded away.
You closely miss the gnoll.
The gnoll is heavily wounded.
The gnoll hits you with a +0 club. The gnoll hits you with a +0 club!
* * * LOW HITPOINT WARNING * * *
Aiming: Spit Poison (2% risk of failure)
Press: ? - help, Shift-Dir - straight line, f - gnoll
Aim: a gnoll, wielding a +0 club (heavily wounded, 65% to hit)
The splash of poison hits the gnoll!
You kill the gnoll!
Unknown command.
Unknown command.
You closely miss the gnoll.
The gnoll is severely wounded.
The gnoll hits you with a +0 whip.
* * * LOW HITPOINT WARNING * * *
Casting: Summon Small Mammal (safe; 2% risk of failure)
Confirm with . or Enter, or press ? or * to list all spells.
The gnoll hits you with a +0 whip.
* * * LOW HITPOINT WARNING * * *
Unknown command.
The gnoll hits you with a +0 whip.
You die...

######################
........##r@g)..##...#
.........##.###..)....#######
#.........##.#.....#......>...
#.........##.#.###.#...#######
#.........##...#......##
#..............#.###..##
#.........#......#.....#
#.........######.#.###.###
#.........# #...#.....#


You could see a gnoll (ally target) and a friendly quokka (summoned).

Vanquished Creatures
  2 gnolls (D:2)
  An adder (D:2)
  A dart slug (D:1)
  An endoplasm (D:2)
  2 goblins
  A hobgoblin (D:2)
  A quokka (D:2)
  3 bats
  4 rats
16 creatures vanquished.

Vanquished Creatures (collateral kills)
  A dart slug (D:2)
  An endoplasm (D:1)
  A hobgoblin (D:1)
  A kobold (D:2)
  2 bats (D:2)
  A frilled lizard (D:2)
  A rat (D:1)
8 creatures vanquished.

Grand Total: 24 creatures vanquished

Notes
Turn   | Place    | Note
-------+----------+-------------------------------------------
     0 | D:1      | spaghetti the Naga Summoner began the quest for the Orb.
     0 | D:1      | Reached XP level 1. HP: 15/15 MP: 3/3
   103 | D:1      | Found Puwnautt's Book Shoppe.
   347 | D:1      | Reached skill level 1 in Fighting
   347 | D:1      | Reached XP level 2. HP: 25/25 MP: 1/5
   619 | D:1      | Learned a level 2 spell: Call Imp
   852 | D:2      | Reached XP level 3. HP: 27/32 MP: 2/6
   856 | D:2      | Learned a level 3 spell: Call Canine Familiar
  1056 | D:2      | Slain by a gnoll

Illustrated notes

Levels and vault maps discovered:
D:1:      lightli_arrival_statuegarden, layout_basic, serial_shops,
          nicolae_shop_advertising_works [nicolae_subvault_shop_adworks]
D:2:      layout_rooms, ebering_dispersal_statue_hall, hangedman_feature_mirror,
          minmay_liquid_box, hangedman_abyss_or_decor_stabs,
          chequers_serial_rivers_micro_c

Skill      XL: |  1  2  3 |
---------------+----------+-----
Fighting       | 1 2 |  2.2
Dodging        | |  1.5
Stealth        | |  3.0
Spellcasting   | |  2.0
Summonings     | |  4.7

Action                     || total
---------------------------++-------
  Melee: Unarmed           ||    22
         Hand axe          ||    28
   Cast: Summon Small Mamm ||    21
         Call Imp          ||     3
         Call Canine Famil ||     2
Ability: Spit Poison       ||     7
   Stab: Sleeping          ||     5
         Distracted        ||     1
 Armour: Robe              ||    56
  Dodge: Dodged            ||    39
